AoeStats
← antonk91

Arena

508061950Analyzed
2v2 RM · 11d ago on Sep 20, 2026· 61m 6s· 4 players
Game mode
Random Map
Map size
Medium (4 player)
Population
200
Speed
Normal
Resources
Standard
Victory
Conquest
Starting age
Dark Age
Ending age
Imperial Age
RankedLock teamsTeams togetherTeam positionsShared explorationLock speedFull tech treeHidden civsTurbo modeCheats
Victory
Defeat
🇩🇪 Armenians · Germany
1042
+19
🇩🇪 Romans · Germany
1040
+19
🇦🇷 Teutons · Argentina
1126
-20
🇨🇱 Mongols · Chile
1083
-18
pegador
9:37 Loom
12:10 Feudal Age
14:16 Wheelbarrow
16:43 Castle Age
14:49 Horse Collar
14:56 Double-Bit Axe
17:52 Hand Cart
17:49 Bow Saw
17:41 Heavy Plow
21:09 Town Watch
25:09 Stone Mining
27:41 Fletching
27:52 Padded Archer Armor
29:02 Bodkin Arrow
29:26 Leather Archer Armor
30:33 Gold Mining
31:18 Stone Shaft Mining
35:12 Imperial Age
32:46 Town Patrol
34:47 Ballistics
34:23 Murder Holes
35:35 Forging
35:30 Scale Barding Armor
36:29 Gold Shaft Mining
36:18 Conscription
35:33 Elite Mangudai
36:20 Bracer
37:29 Chemistry
36:41 Fortified Wall
38:22 Iron Casting
38:08 Chain Barding Armor
39:09 Drill
38:18 Onager
42:05 Elite Steppe Lancer
43:30 Light Cavalry
45:02 Siege Engineers
47:11 Bloodlines
47:01 Husbandry
48:03 Siege Onager
51:27 Blast Furnace
50:47 Chain Barding Armor
51:27 Blast Furnace
50:59 Chain Barding Armor
54:29 Light Cavalry
EmiDroga
11:51 Feudal Age
13:55 Wheelbarrow
16:17 Castle Age
14:27 Double-Bit Axe
15:02 Stone Mining
21:16 Bow Saw
22:51 Horse Collar
25:15 Gold Mining
25:53 Forging
25:47 Scale Mail Armor
27:08 Man-at-Arms
28:06 Chain Mail Armor
28:12 Squires
31:23 Imperial Age
28:52 Man-at-Arms
30:28 Long Swordsman
32:08 Two-Handed Swordsman
34:54 Crenellations
35:22 Iron Casting
35:17 Plate Mail Armor
34:59 Gambesons
35:23 Champion
38:29 Bloodlines
38:09 Cavalier
39:52 Scale Barding Armor
40:48 Blast Furnace
41:00 Chain Barding Armor
45:07 Paladin
antonk91
11:29 Feudal Age
15:50 Castle Age
15:18 Double-Bit Axe
15:48 Horse Collar
19:37 Heavy Plow
24:33 Ballistas
30:10 Imperial Age
28:15 Gold Mining
29:53 Wheelbarrow
30:22 Bow Saw
34:14 Heavy Scorpion
35:38 Ballistics
36:18 Chemistry
36:31 Loom
37:20 Town Watch
38:53 Town Patrol
38:47 Stone Mining
40:37 Heavy Scorpion
42:32 Gold Shaft Mining
46:13 Light Cavalry
47:04 Bloodlines
47:08 Scale Barding Armor
47:13 Forging
49:09 Pikeman
51:17 Capped Ram
54:06 Hand Cart
57:20 Siege Ram
chrisceylon
10:51 Feudal Age
14:51 Castle Age
12:59 Double-Bit Axe
13:53 Horse Collar
14:28 Loom
21:14 Man-at-Arms
24:03 Wheelbarrow
23:13 Town Watch
23:21 Long Swordsman
28:11 Imperial Age
28:14 Gold Mining
28:14 Stone Mining
28:35 Bow Saw
28:20 Long Swordsman
28:46 Gambesons
29:01 Squires
28:49 Arson
29:06 Scale Mail Armor
29:23 Two-Handed Swordsman
31:33 Champion
34:18 Ballistics
34:38 Chain Mail Armor
34:34 Forging
34:24 Heavy Scorpion
36:13 Chemistry
37:51 Fereters
39:29 Plate Mail Armor
39:34 Iron Casting
40:53 Redemption
40:59 Block Printing
41:05 Sanctity
45:17 Blast Furnace
44:48 Pikeman
45:43 Halberdier
47:10 Capped Ram
51:19 Illumination
50:55 Devotion
51:06 Fervor
50:57 Atonement
54:14 Scale Barding Armor
54:12 Cavalier
55:02 Bloodlines
54:53 Husbandry
56:20 Chain Barding Armor
Connection lost

Rejoining the realm…

Still unreachable

The connection could not be restored.

Session expired

The server has moved on; the page needs a fresh start.